Map: Lightshade LE

Players

AGOElazer (Elazer)

  • Race: Zerg Zerg
  • League: Grandmaster
  • Spawn Location: 5:00

Lambo - Winner!

  • Race: Zerg Zerg
  • League: Grandmaster
  • Spawn Location: 11:00

VOD

Have the link to the VOD?

Description

Time

  • Played on: Jan. 22, 2021, 10:19 a.m.
  • Length: 3:03
Show
View Real Time Build Order
Export as new Build Order

AGOElazer Zerg 

Build Orders: Hatch First 

Get SALT Encoding   

  12  0:00  Drone  
  13  0:11  Overlord  
  13  0:16  Drone  
  14  0:29  Drone  
  14  0:30  Drone  
  16  0:46  Hatchery  
  15  0:50  Drone  
  15  0:53  Drone  
  15  0:56  Drone  
  18  1:07  Extractor  
  17  1:12  Spawning Pool  
  17  1:15  Drone  
  17  1:19  Drone  
  18  1:27  Drone  
  19  1:59  Zergling x4  
  19  2:00  Queen, Zergling x4  
  27  2:09  Spine Crawler  
  27  2:10  Zergling x2  
  27  2:19  Zergling x2  
  27  2:26  Baneling Nest  
  27  2:27  Queen  
  26  2:41  Overlord  
Show
View Real Time Build Order
Export as new Build Order

Lambo Zerg - Winner!

Build Orders: 1 Base Baneling Bust, Pool Only 

Get SALT Encoding   

  12  0:13  Extractor  
  11  0:19  Spawning Pool  
  10  0:24  Drone  
  11  0:29  Drone  
  13  0:35  Drone  
  13  0:46  Overlord  
  13  1:05  Zergling x4  
  13  1:07  Zergling x2  
  16  1:15  Metabolic Boost  
  16  1:18  Zergling x2  
  17  1:28  Zergling x2  
  18  1:34  Baneling Nest  
  18  1:39  Zergling x2  
  18  1:50  Zergling x2  
  19  2:01  Zergling x2  
  20  2:18  Baneling x2  
  20  2:19  Zergling x2  
  21  2:25  Baneling  
  21  2:26  Baneling  
  21  2:31  Zergling x2  
  22  2:39  Baneling  
Tags
 
Add a new tag
Caveats
  • Supply blocks, unpowered buildings, or Contaminate may cause inaccurate times.
  • Supply counts are checked every 10 seconds.